Icehogs vs Senators
(R1)
Created - January 20, 2022 at 19:03
Goals
|
Icehogs |
2 |
0 |
2 |
0 |
2 |
5 |
Senators |
1 |
2 |
1 |
0 |
0 |
4 |
|
Shots
|
Icehogs |
10 |
6 |
11 |
2 |
3 |
29 |
Senators |
10 |
6 |
12 |
3 |
2 |
31 |
|
1st period
1. Icehogs , Mikhail Grigorenko 7 (Dillon Dube 3) at 5:54
2. Icehogs , Tanner Richard 7 (Curtis Lazar 13) at 11:01
3. Senators , A.J. Jenks 3 (Adam Ollas-Mattsson 3) at 17:50
Penalties :
Nick Mattson (Roc) for Holding (Minor) at 12:45, William Bitten (Bel) for Goalie Interference (Minor) at 15:01
2nd period
4. Senators , Zachary Sanford 12 (Tomas Jurco 14, Dmitry Sinitsyn 10) at 2:38 (PP)
5. Senators , Zemgus Girgensons 11 (Jordan Schroeder 14) at 6:03
Penalties :
Craig Cunningham (Roc) for Roughing (Minor) at 1:42, Dillon Dube (Roc) for Hooking (Minor) at 17:09
3rd period
6. Senators , Zachary Sanford 13 (Dylan Blujus 4) at 0:38
7. Icehogs , Duncan Siemens 1 (Nikita Scherbak 3) at 7:46
8. Icehogs , Ryan Hartman 7 (Mattias Janmark 9, Duncan Siemens 1) at 14:14
Penalties :
Ryan Hartman (Roc) for Hooking (Minor) at 5:26, Zachary Sanford (Bel) for Diving (Minor) at 8:08, Ryan Hartman (Roc) for Hooking (Minor) at 10:59
Overtime #1
No Goal
Penalties :
No Penalty
Shootout
Icehogs, Ryan Hartman - Goal!
Senators, Tomas Jurco - Stopped by Joe Cannata
Icehogs, Craig Cunningham - Stopped by Sami Aittokallio
Senators, Oliver Bjorkstrand - Shot Misses the Net
Icehogs, Tanner Richard - Goal!
Penalties :
No Penalty
Goalie Stats
Joe Cannata (Roc), 27 saves from 31 shots - (0.871), W, 6-7-1, 65:00 minutes
Sami Aittokallio (Bel), 25 saves from 29 shots - (0.862), OTL, 9-5-1, 65:00 minutes
Players Stats for Icehogs
Player Name G A P +/- PIM S H SB GA TA FO MP PP MP PK MP
------------------------------------------------------------------------------------
Andrew Mangiapane 0 0 0 1 0 3 2 0 0 1 0/1 19:23 1:53 3:09
Clark Bishop 0 0 0 0 0 0 0 0 0 0 2/3 8:19 0:00 2:07
Craig Cunningham 0 0 0 -1 2 2 3 0 0 0 3/3 22:46 1:59 4:30
Curtis Lazar 0 1 1 1 0 3 1 0 0 0 0/0 14:59 1:53 0:00
Dillon Dube 0 1 1 1 2 0 2 0 0 0 8/11 13:42 0:00 0:00
Duncan Siemens 1 1 2 1 0 1 0 0 1 1 0/0 14:13 0:00 1:19
Jackson Cates 0 0 0 0 0 0 0 0 0 0 0/0 3:45 0:06 0:00
Julius Honka 0 0 0 1 0 0 0 0 0 0 0/0 12:53 0:00 0:00
Mattias Janmark 0 1 1 0 0 1 1 0 0 0 1/2 9:34 0:00 2:39
Mike Reilly 0 0 0 1 0 2 4 0 0 0 0/0 23:25 1:47 3:37
Mikhail Grigorenko 1 0 1 1 0 4 3 0 0 1 0/0 15:35 0:06 0:09
Nick Mattson 0 0 0 -1 2 1 2 0 0 2 0/0 27:22 2:11 3:56
Nikita Scherbak 0 1 1 1 0 1 2 0 0 0 1/1 13:40 0:06 0:00
Patrick Sieloff 0 0 0 1 0 0 1 0 0 0 0/0 23:25 1:47 3:37
Petter Granberg 0 0 0 -1 0 1 3 4 2 0 0/0 28:42 2:11 5:15
Ryan Hartman 1 0 1 -1 4 3 3 0 0 0 14/29 25:29 1:59 3:16
Sam Reinhart 0 0 0 -1 0 3 4 1 0 0 3/5 16:09 1:59 0:00
Tanner Richard 1 0 1 1 0 4 0 0 1 0 2/6 17:42 1:53 1:54
Players Stats for Senators
Player Name G A P +/- PIM S H SB GA TA FO MP PP MP PK MP
------------------------------------------------------------------------------------
A.J. Jenks 1 0 1 0 0 2 0 1 0 1 0/0 16:07 0:14 1:39
Adam Ollas-Mattsson 0 1 1 0 0 0 0 0 0 0 0/0 13:10 0:48 0:00
Anthony Richard 0 0 0 0 0 0 0 0 0 0 0/0 2:31 0:00 1:02
Chandler Stephenson 0 0 0 0 0 0 0 0 0 0 2/5 7:56 0:00 0:14
Christoph Bertschy 0 0 0 -1 0 3 0 2 0 0 14/32 23:17 5:20 1:59
Dmitry Sinitsyn 0 1 1 -1 0 0 1 0 0 1 0/0 29:13 4:49 2:13
Dylan Blujus 0 1 1 0 0 0 0 1 1 0 0/0 22:43 3:15 1:45
Gustav Forsling 0 0 0 0 0 0 0 0 0 0 0/0 2:18 0:00 0:00
Joonas Lyytinen 0 0 0 0 0 1 0 0 0 0 0/0 12:10 0:41 0:00
Jordan Schroeder 0 1 1 0 0 3 1 0 1 0 8/13 19:18 3:30 0:19
Keegan Lowe 0 0 0 -1 0 1 5 2 2 0 0/0 27:51 4:56 2:13
Kevin Rooney 0 0 0 0 0 2 0 0 0 0 0/5 11:34 0:00 0:00
Oliver Bjorkstrand 0 0 0 0 0 1 0 1 0 0 0/0 17:48 3:30 0:00
Scott Harrington 0 0 0 0 0 3 2 0 0 0 0/0 22:43 3:15 1:45
Tomas Jurco 0 1 1 -1 0 5 5 1 0 0 1/3 23:07 5:10 0:00
Vitaly Abramov 0 0 0 0 0 0 0 0 0 0 0/0 7:56 0:00 0:14
William Bitten 0 0 0 0 2 0 2 0 0 2 0/0 13:09 0:00 0:00
Zachary Sanford 2 0 2 -1 2 5 1 1 1 0 1/2 22:26 5:22 1:00
Zemgus Girgensons 1 0 1 0 0 5 2 1 0 0 1/1 20:43 3:30 1:29
3 Stars
1 - Duncan Siemens (Roc)
2 - Mikhail Grigorenko (Roc)
3 - Zachary Sanford (Bel)
Power Play
Icehogs - 0 on 2 Attempt(s) - 0.00%
Senators - 1 on 5 Attempt(s) - 20.00%
Penalty Kill
Icehogs - 4 on 5 Attempt(s) - 80.00%
- Score 0 goal in Penalty Kill
Senators - 2 on 2 Attempt(s) - 100.00%
- Score 0 goal in Penalty Kill
Team Stat
Icehogs - Hits : 31 - Faceoff Wins : 34 - Blocked Shots : 5 - Penalty Minutes : 10
Senators - Hits : 19 - Faceoff Wins : 27 - Blocked Shots : 10 - Penalty Minutes : 4
Official
Referees : Chris Lee and Kelly Sutherland
Linesman : Ryan Galloway and Derek Nansen
Game Notes
No Game Note
Finance
Level 1 -- Attendance: 2000 (100.00%) -- Ticket Income $70,000
Level 2 -- Attendance: 916 (91.60%) -- Ticket Income $13,740
Total Attendance: 2916 (97.20%)
Total Ticket Income: $83,740
Other Income: $4,187
Total Income: $87,927
Icehogs
5 vs 5 Forward
Center Left Wing Right Wing Time % Phy DF OF
1 Ryan Hartman Craig Cunningham Sam Reinhart 40 1 2 2
2 Tanner Richard Andrew Mangiapane Curtis Lazar 30 1 2 2
3 Dillon Dube Mikhail Grigorenko Nikita Scherbak 20 1 2 2
4 Clark Bishop Mattias Janmark Ryan Hartman 10 1 2 2
5 vs 5 Defense
Defense Defense Time % Phy DF OF
1 Petter Granberg Nick Mattson 40 1 2 2
2 Mike Reilly Patrick Sieloff 30 1 2 2
3 Julius Honka Duncan Siemens 20 1 2 2
4 Petter Granberg Nick Mattson 10 1 2 2
PowerPlay Forward
Center Left Wing Right Wing Time % Phy DF OF
1 Ryan Hartman Craig Cunningham Sam Reinhart 60 1 2 2
2 Tanner Richard Andrew Mangiapane Curtis Lazar 40 1 2 2
PowerPlay Defense
Defense Defense Time % Phy DF OF
1 Petter Granberg Nick Mattson 60 1 2 2
2 Mike Reilly Patrick Sieloff 40 1 2 2
Penalty Kill 4 Players Forward
Center Wing Time % Phy DF OF
1 Ryan Hartman Craig Cunningham 60 1 2 2
2 Tanner Richard Andrew Mangiapane 40 1 2 2
Penalty Kill 4 Players Defense
Defense Defense Time % Phy DF OF
1 Petter Granberg Nick Mattson 60 1 2 2
2 Mike Reilly Patrick Sieloff 40 1 2 2
Penalty Kill - 3 Players Forward
Forward Time % Phy DF OF
1 Ryan Hartman 60 1 2 2
2 Craig Cunningham 40 1 2 2
Penalty Kill - 3 Players Defense
Defense Defense Time % Phy DF OF
1 Petter Granberg Nick Mattson 60 1 2 2
2 Mike Reilly Patrick Sieloff 40 1 2 2
4 vs 4 Forward
Center Wing Time % Phy DF OF
1 Ryan Hartman Craig Cunningham 60 1 2 2
2 Tanner Richard Andrew Mangiapane 40 1 2 2
4 vs 4 Defense
Defense Defense Time % Phy DF OF
1 Petter Granberg Nick Mattson 60 1 2 2
2 Mike Reilly Patrick Sieloff 40 1 2 2
Last Minutes Offensive
Center Left Wing Right Wing Defense Defense
Ryan Hartman Craig Cunningham Sam Reinhart Petter Granberg Nick Mattson
Last Minutes Defensive
Center Left Wing Right Wing Defense Defense
Ryan Hartman Craig Cunningham Sam Reinhart Petter Granberg Nick Mattson
Goaltenders
Starting : Joe Cannata
Backup : Mackenzie Blackwood
Extra Forwards
Normal : Jackson Cates, Mikhail Grigorenko, Mattias Janmark - PP : Jackson Cates, Mikhail Grigorenko - PK : Mattias Janmark
Extra Defensemen
Normal : Julius Honka, Duncan Siemens, Mike Reilly - PP : Julius Honka - PK : Duncan Siemens, Mike Reilly
Penalty Shots
Ryan Hartman, Craig Cunningham, Tanner Richard, Andrew Mangiapane, Sam Reinhart
Scratches
Ben Harpur (Healthy), Calle Andersson (Healthy), JJ. Piccinich (Healthy), Kurtis Gabriel (Healthy), Michael Chaput (Torn Left ACL Injury)
Myles Bell (Healthy), Nick Paul (Healthy), Patrick Russell (Healthy), Ross Johnston (Healthy), Zach Whitecloud (Healthy)
Jeremy Davies (Healthy), Michael Giugovaz (Healthy), Jack LaFontaine (Healthy)
Senators
5 vs 5 Forward
Center Left Wing Right Wing Time % Phy DF OF
1 Christoph Bertschy Zachary Sanford Tomas Jurco 35 0 2 3
2 Jordan Schroeder Zemgus Girgensons Oliver Bjorkstrand 30 0 2 3
3 Kevin Rooney A.J. Jenks William Bitten 20 1 3 1
4 Chandler Stephenson Vitaly Abramov Tomas Jurco 15 1 3 1
5 vs 5 Defense
Defense Defense Time % Phy DF OF
1 Dmitry Sinitsyn Keegan Lowe 40 1 2 2
2 Dylan Blujus Scott Harrington 35 1 2 2
3 Joonas Lyytinen Adam Ollas-Mattsson 20 1 2 2
4 Gustav Forsling Dmitry Sinitsyn 5 1 3 1
PowerPlay Forward
Center Left Wing Right Wing Time % Phy DF OF
1 Christoph Bertschy Zachary Sanford Tomas Jurco 60 0 1 4
2 Jordan Schroeder Zemgus Girgensons Oliver Bjorkstrand 40 0 1 4
PowerPlay Defense
Defense Defense Time % Phy DF OF
1 Dmitry Sinitsyn Keegan Lowe 60 1 1 3
2 Dylan Blujus Scott Harrington 40 1 1 3
Penalty Kill 4 Players Forward
Center Wing Time % Phy DF OF
1 Christoph Bertschy Zachary Sanford 60 1 4 0
2 Jordan Schroeder Zemgus Girgensons 40 1 4 0
Penalty Kill 4 Players Defense
Defense Defense Time % Phy DF OF
1 Dmitry Sinitsyn Keegan Lowe 60 1 4 0
2 Dylan Blujus Scott Harrington 40 1 4 0
Penalty Kill - 3 Players Forward
Forward Time % Phy DF OF
1 Christoph Bertschy 60 1 4 0
2 Jordan Schroeder 40 1 4 0
Penalty Kill - 3 Players Defense
Defense Defense Time % Phy DF OF
1 Dmitry Sinitsyn Keegan Lowe 60 2 3 0
2 Dylan Blujus Scott Harrington 40 2 3 0
4 vs 4 Forward
Center Wing Time % Phy DF OF
1 Christoph Bertschy Zachary Sanford 55 0 2 3
2 Jordan Schroeder Zemgus Girgensons 45 0 2 3
4 vs 4 Defense
Defense Defense Time % Phy DF OF
1 Dmitry Sinitsyn Keegan Lowe 60 1 2 2
2 Dylan Blujus Scott Harrington 40 1 2 2
Last Minutes Offensive
Center Left Wing Right Wing Defense Defense
Christoph Bertschy Zachary Sanford Tomas Jurco Dmitry Sinitsyn Keegan Lowe
Last Minutes Defensive
Center Left Wing Right Wing Defense Defense
Christoph Bertschy Zachary Sanford Tomas Jurco Dmitry Sinitsyn Keegan Lowe
Goaltenders
Starting : Sami Aittokallio
Backup : Scott Wedgewood
Extra Forwards
Normal : A.J. Jenks, Christoph Bertschy, Jordan Schroeder - PP : A.J. Jenks, Christoph Bertschy - PK : A.J. Jenks
Extra Defensemen
Normal : Joonas Lyytinen, Adam Ollas-Mattsson, Gustav Forsling - PP : Joonas Lyytinen - PK : Joonas Lyytinen, Adam Ollas-Mattsson
Penalty Shots
Tomas Jurco, Oliver Bjorkstrand, Zachary Sanford, Zemgus Girgensons, A.J. Jenks
Scratches
Grant Besse (Healthy), Jack Dougherty (Right Foot Injury), Jake Evans (Healthy), Jonas Siegenthaler (Healthy), Mason Geertsen (Healthy)
Arttu Ruotsalainen (Healthy), Cliff Pu (Healthy), Keven Bouchard (Healthy)
% Time on Ice - Icehogs
Lines # - Real PCT - Wanted PCT - Time Play
Normal Forward
1 - 33% - 40% - 15:22
2 - 28% - 30% - 13:04
3 - 28% - 20% - 13:21
4 - 11% - 10% - 5:23
Normal Defense
1 - 37% - 40% - 17:35
2 - 33% - 30% - 15:37
3 - 27% - 20% - 12:42
4 - 3% - 10% - 1:16
PP Forward
1 - 53% - 60% - 2:05
2 - 47% - 40% - 1:53
PP Defense
1 - 55% - 60% - 2:11
2 - 45% - 40% - 1:47
PK Forward
1 - 86% - 60% - 7:37
2 - 14% - 40% - 1:15
PK Defense
1 - 59% - 60% - 5:15
2 - 41% - 40% - 3:37
PK3 Forward
1 - 0% - 60%
2 - 0% - 40%
PK3 Defense
1 - 0% - 60%
2 - 0% - 40%
44 Forward
1 - 76% - 60% - 3:48
2 - 24% - 40% - 1:12
44 Defense
1 - 52% - 60% - 2:36
2 - 48% - 40% - 2:24
Last Minute Offensive - 0:00
Last Minute Defensive - 0:00
Total
Forward - 65:00
Defense - 65:00
|
% Time on Ice - Senators
Lines # - Real PCT - Wanted PCT - Time Play
Normal Forward
1 - 30% - 35% - 14:10
2 - 29% - 30% - 13:44
3 - 25% - 20% - 11:34
4 - 16% - 15% - 7:42
Normal Defense
1 - 38% - 40% - 18:02
2 - 33% - 35% - 15:46
3 - 24% - 20% - 11:06
4 - 5% - 5% - 2:16
PP Forward
1 - 61% - 60% - 5:22
2 - 39% - 40% - 3:30
PP Defense
1 - 56% - 60% - 4:56
2 - 44% - 40% - 3:56
PK Forward
1 - 92% - 60% - 3:39
2 - 8% - 40% - 0:19
PK Defense
1 - 56% - 60% - 2:13
2 - 44% - 40% - 1:45
PK3 Forward
1 - 0% - 60%
2 - 0% - 40%
PK3 Defense
1 - 0% - 60%
2 - 0% - 40%
44 Forward
1 - 65% - 55% - 3:15
2 - 35% - 45% - 1:45
44 Defense
1 - 61% - 60% - 3:03
2 - 39% - 40% - 1:57
Last Minute Offensive - 0:00
Last Minute Defensive - 0:00
Total
Forward - 65:00
Defense - 65:00
|
Play-by-Play
1st period
0:01 of 1st period - Ryan Hartman wins face-off versus Zachary Sanford in neutral zone.
0:16 of 1st period - Snap shot by Sam Reinhart.
0:16 of 1st period - Shot Misses the Net.
1:23 of 1st period - Wrist shot by Mike Reilly.
1:23 of 1st period - Deflect By Sam Reinhart.
1:23 of 1st period - Deflect By Jordan Schroeder.
1:23 of 1st period - Shot Misses the Net.
1:23 of 1st period - Puck is out of play.
1:24 of 1st period - Jordan Schroeder wins face-off versus Sam Reinhart in Senators zone.
1:47 of 1st period - Icing by Sam Reinhart.
1:48 of 1st period - Tanner Richard wins face-off versus Christoph Bertschy in Icehogs zone.
2:03 of 1st period - Snap shot by Andrew Mangiapane.
2:03 of 1st period - Stopped by Sami Aittokallio without a rebound.
2:04 of 1st period - Clark Bishop wins face-off versus Kevin Rooney in Senators zone.
2:30 of 1st period - Nick Mattson is hit by Tomas Jurco and loses puck.
2:57 of 1st period - Craig Cunningham is hit by Scott Harrington and loses puck.
3:07 of 1st period - Icing by Petter Granberg.
3:08 of 1st period - Dillon Dube wins face-off versus Chandler Stephenson in Icehogs zone.
3:20 of 1st period - Snap shot by Tomas Jurco.
3:20 of 1st period - Stopped by Joe Cannata with a rebound.
3:42 of 1st period - Snap shot by Kevin Rooney.
3:42 of 1st period - Stopped by Joe Cannata without a rebound.
3:43 of 1st period - Craig Cunningham wins face-off versus Jordan Schroeder in Icehogs zone.
4:08 of 1st period - Julius Honka is hit by Tomas Jurco.
4:14 of 1st period - Wrist shot by Zachary Sanford.
4:14 of 1st period - Stopped by Joe Cannata without a rebound.
4:15 of 1st period - Sam Reinhart wins face-off versus Christoph Bertschy in Icehogs zone.
4:47 of 1st period - Snap shot by Tanner Richard.
4:47 of 1st period - Deflect By Andrew Mangiapane.
4:47 of 1st period - Stopped by Sami Aittokallio without a rebound.
4:48 of 1st period - Tanner Richard wins face-off versus Kevin Rooney in Senators zone.
5:11 of 1st period - Snap shot by Kevin Rooney.
5:11 of 1st period - Shot Misses the Net.
5:23 of 1st period - Wrist shot by Kevin Rooney.
5:23 of 1st period - Shot Misses the Net.
5:25 of 1st period - Wrist shot by A.J. Jenks.
5:25 of 1st period - Shot Blocked by Petter Granberg.
5:27 of 1st period - Slapshot by Joonas Lyytinen.
5:27 of 1st period - Shot Misses the Net.
5:29 of 1st period - Slapshot by A.J. Jenks.
5:29 of 1st period - Deflect By Kevin Rooney.
5:29 of 1st period - Stopped by Joe Cannata without a rebound.
5:30 of 1st period - Ryan Hartman wins face-off versus Christoph Bertschy in Icehogs zone.
5:30 of 1st period - Ryan Hartman is hit by Keegan Lowe.
5:44 of 1st period - Wrist shot by Sam Reinhart.
5:44 of 1st period - Deflect By Craig Cunningham.
5:44 of 1st period - Stopped by Sami Aittokallio with a rebound.
5:46 of 1st period - Slapshot by Duncan Siemens.
5:46 of 1st period - Deflect By Sam Reinhart.
5:46 of 1st period - Stopped by Sami Aittokallio without a rebound.
5:47 of 1st period - Dillon Dube wins face-off versus Jordan Schroeder in Senators zone.
5:52 of 1st period - Slapshot by Nikita Scherbak.
5:52 of 1st period - Stopped by Sami Aittokallio without a rebound.
5:53 of 1st period - Dillon Dube wins face-off versus Jordan Schroeder in Senators zone.
5:54 of 1st period - Wrist shot by Mikhail Grigorenko.
5:54 of 1st period - Goal by Mikhail Grigorenko - Icehogs : 1 - Senators : 0.
5:55 of 1st period - Ryan Hartman wins face-off versus Jordan Schroeder in neutral zone.
6:20 of 1st period - Keegan Lowe is hit by Petter Granberg and loses puck.
7:03 of 1st period - Snap shot by Curtis Lazar.
7:03 of 1st period - Stopped by Sami Aittokallio without a rebound.
7:04 of 1st period - Chandler Stephenson wins face-off versus Tanner Richard in Senators zone.
7:04 of 1st period - Chandler Stephenson is hit by Andrew Mangiapane.
7:22 of 1st period - Wrist shot by Tanner Richard.
7:22 of 1st period - Shot Misses the Net.
7:28 of 1st period - Curtis Lazar is hit by Zemgus Girgensons and loses puck.
7:55 of 1st period - Craig Cunningham is hit by William Bitten and loses puck.
8:40 of 1st period - Slapshot by A.J. Jenks.
8:40 of 1st period - Stopped by Joe Cannata without a rebound.
8:41 of 1st period - Sam Reinhart wins face-off versus Christoph Bertschy in Icehogs zone.
9:08 of 1st period - Keegan Lowe is hit by Dillon Dube.
9:32 of 1st period - Tomas Jurco is hit by Mike Reilly and loses puck.
10:08 of 1st period - Off-side.
10:09 of 1st period - Christoph Bertschy wins face-off versus Ryan Hartman in neutral zone.
10:29 of 1st period - Off-side.
10:30 of 1st period - Dillon Dube wins face-off versus Kevin Rooney in neutral zone.
11:01 of 1st period - Slapshot by Tanner Richard.
11:01 of 1st period - Goal by Tanner Richard - Icehogs : 2 - Senators : 0.
11:02 of 1st period - Ryan Hartman wins face-off versus Christoph Bertschy in neutral zone.
11:27 of 1st period - Petter Granberg is hit by Keegan Lowe and loses puck.
12:07 of 1st period - Patrick Sieloff is hit by Tomas Jurco and loses puck.
12:16 of 1st period - Snap shot by Mike Reilly.
12:16 of 1st period - Stopped by Sami Aittokallio without a rebound.
12:17 of 1st period - Jordan Schroeder wins face-off versus Sam Reinhart in Senators zone.
12:17 of 1st period - Jordan Schroeder is hit by Sam Reinhart.
12:23 of 1st period - Slapshot by Zemgus Girgensons.
12:23 of 1st period - Stopped by Joe Cannata without a rebound.
12:24 of 1st period - Jordan Schroeder wins face-off versus Ryan Hartman in Icehogs zone.
12:25 of 1st period - Snap shot by Oliver Bjorkstrand.
12:25 of 1st period - Shot Blocked by Sam Reinhart.
12:27 of 1st period - Snap shot by Oliver Bjorkstrand.
12:27 of 1st period - Shot Misses the Net.
12:35 of 1st period - Snap shot by Oliver Bjorkstrand.
12:35 of 1st period - Shot Misses the Net.
12:37 of 1st period - Slapshot by Joonas Lyytinen.
12:37 of 1st period - Stopped by Joe Cannata with a rebound.
12:45 of 1st period - Minor Penalty to Nick Mattson for Holding.
12:46 of 1st period - Ryan Hartman wins face-off versus Christoph Bertschy in Icehogs zone.
12:55 of 1st period - Slapshot by Tomas Jurco.
12:55 of 1st period - Stopped by Joe Cannata without a rebound.
12:56 of 1st period - Craig Cunningham wins face-off versus Christoph Bertschy in Icehogs zone.
13:05 of 1st period - Snap shot by Tomas Jurco.
13:05 of 1st period - Shot Misses the Net.
13:07 of 1st period - Snap shot by Zachary Sanford.
13:07 of 1st period - Deflect By Tomas Jurco.
13:07 of 1st period - Shot Misses the Net.
13:07 of 1st period - Puck is out of play.
13:08 of 1st period - Ryan Hartman wins face-off versus Christoph Bertschy in Icehogs zone.
13:18 of 1st period - Off-side.
13:19 of 1st period - Christoph Bertschy wins face-off versus Ryan Hartman in neutral zone.
13:57 of 1st period - Icing by Dylan Blujus.
13:58 of 1st period - Zemgus Girgensons wins face-off versus Ryan Hartman in Senators zone.
14:45 of 1st period - Penalty to Nick Mattson is over, Nick Mattson is back on ice.
14:54 of 1st period - Slapshot by Petter Granberg.
14:54 of 1st period - Stopped by Sami Aittokallio without a rebound.
14:55 of 1st period - Dillon Dube wins face-off versus Kevin Rooney in Senators zone.
15:01 of 1st period - Minor Penalty to William Bitten for Goalie Interference.
15:02 of 1st period - Sam Reinhart wins face-off versus Christoph Bertschy in Senators zone.
15:28 of 1st period - Dmitry Sinitsyn is hit by Nick Mattson and loses puck.
17:01 of 1st period - Penalty to William Bitten is over, William Bitten is back on ice.
17:13 of 1st period - Snap shot by Zemgus Girgensons.
17:13 of 1st period - Stopped by Joe Cannata without a rebound.
17:14 of 1st period - Dillon Dube wins face-off versus Chandler Stephenson in Icehogs zone.
17:23 of 1st period - Wrist shot by Chandler Stephenson.
17:23 of 1st period - Shot Misses the Net.
17:25 of 1st period - Wrist shot by Tomas Jurco.
17:25 of 1st period - Shot Blocked by Petter Granberg.
17:41 of 1st period - A.J. Jenks is hit by Nick Mattson and loses puck.
17:50 of 1st period - Snap shot by A.J. Jenks.
17:50 of 1st period - Goal by A.J. Jenks - Icehogs : 2 - Senators : 1.
17:51 of 1st period - Ryan Hartman wins face-off versus Tomas Jurco in neutral zone.
Goals for this period are 2 for Icehogs vs 1 for Senators.
Shots for this period are 10 for Icehogs vs 10 for Senators.
2nd period
0:01 of 2nd period - Christoph Bertschy wins face-off versus Ryan Hartman in neutral zone.
0:52 of 2nd period - Slapshot by Petter Granberg.
0:52 of 2nd period - Shot Blocked by Keegan Lowe.
0:54 of 2nd period - Slapshot by Petter Granberg.
0:54 of 2nd period - Shot Blocked by A.J. Jenks.
1:21 of 2nd period - Slapshot by Nick Mattson.
1:21 of 2nd period - Shot Misses the Net.
1:23 of 2nd period - Slapshot by Petter Granberg.
1:23 of 2nd period - Deflect By Ryan Hartman.
1:23 of 2nd period - Shot Blocked by Tomas Jurco.
1:23 of 2nd period - Puck is out of play.
1:24 of 2nd period - Jordan Schroeder wins face-off versus Ryan Hartman in Senators zone.
1:42 of 2nd period - Minor Penalty to Craig Cunningham for Roughing.
1:43 of 2nd period - Ryan Hartman wins face-off versus Christoph Bertschy in Icehogs zone.
2:38 of 2nd period - Wrist shot by Zachary Sanford.
2:38 of 2nd period - Goal by Zachary Sanford - Icehogs : 2 - Senators : 2.
2:39 of 2nd period - Jordan Schroeder wins face-off versus Tanner Richard in neutral zone.
2:44 of 2nd period - Slapshot by Zemgus Girgensons.
2:44 of 2nd period - Deflect By Jordan Schroeder.
2:44 of 2nd period - Stopped by Joe Cannata with a rebound.
3:04 of 2nd period - A.J. Jenks is hit by Sam Reinhart.
4:32 of 2nd period - Icing by Nick Mattson.
4:33 of 2nd period - Dillon Dube wins face-off versus Jordan Schroeder in Icehogs zone.
4:33 of 2nd period - Dillon Dube is hit by Jordan Schroeder.
4:39 of 2nd period - Wrist shot by Zemgus Girgensons.
4:39 of 2nd period - Shot Misses the Net.
4:44 of 2nd period - Nick Mattson is hit by Dmitry Sinitsyn and loses puck.
5:08 of 2nd period - Snap shot by Oliver Bjorkstrand.
5:08 of 2nd period - Stopped by Joe Cannata with a rebound.
5:10 of 2nd period - Snap shot by Jordan Schroeder.
5:10 of 2nd period - Stopped by Joe Cannata with a rebound.
5:37 of 2nd period - Wrist shot by Jordan Schroeder.
5:37 of 2nd period - Shot Misses the Net.
5:39 of 2nd period - Slapshot by Scott Harrington.
5:39 of 2nd period - Stopped by Joe Cannata with a rebound.
6:03 of 2nd period - Snap shot by Zemgus Girgensons.
6:03 of 2nd period - Goal by Zemgus Girgensons - Icehogs : 2 - Senators : 3.
6:04 of 2nd period - Zachary Sanford wins face-off versus Ryan Hartman in neutral zone.
6:15 of 2nd period - Snap shot by Sam Reinhart.
6:15 of 2nd period - Stopped by Sami Aittokallio with a rebound.
6:36 of 2nd period - Snap shot by Curtis Lazar.
6:36 of 2nd period - Stopped by Sami Aittokallio with a rebound.
6:54 of 2nd period - Dmitry Sinitsyn is hit by Ryan Hartman and loses puck.
7:13 of 2nd period - Duncan Siemens is hit by William Bitten and loses puck.
7:38 of 2nd period - Wrist shot by Curtis Lazar.
7:38 of 2nd period - Stopped by Sami Aittokallio with a rebound.
7:50 of 2nd period - Adam Ollas-Mattsson is hit by Sam Reinhart and loses puck.
9:23 of 2nd period - Joonas Lyytinen is hit by Nikita Scherbak and loses puck.
9:48 of 2nd period - A.J. Jenks is hit by Nikita Scherbak and loses puck.
11:15 of 2nd period - Jordan Schroeder is hit by Sam Reinhart and loses puck.
11:42 of 2nd period - Kevin Rooney is hit by Patrick Sieloff and loses puck.
11:47 of 2nd period - Snap shot by Mattias Janmark.
11:47 of 2nd period - Deflect By A.J. Jenks.
11:47 of 2nd period - Stopped by Sami Aittokallio with a rebound.
12:09 of 2nd period - Zemgus Girgensons is hit by Mike Reilly and loses puck.
12:52 of 2nd period - Slapshot by Mikhail Grigorenko.
12:52 of 2nd period - Stopped by Sami Aittokallio without a rebound.
12:53 of 2nd period - Christoph Bertschy wins face-off versus Dillon Dube in Senators zone.
13:20 of 2nd period - Snap shot by Tanner Richard.
13:20 of 2nd period - Stopped by Sami Aittokallio with a rebound.
14:34 of 2nd period - Jordan Schroeder is hit by Andrew Mangiapane and loses puck.
14:55 of 2nd period - Keegan Lowe is hit by Ryan Hartman and loses puck.
15:30 of 2nd period - William Bitten is hit by Craig Cunningham and loses puck.
15:57 of 2nd period - Zachary Sanford is hit by Curtis Lazar.
16:22 of 2nd period - Joonas Lyytinen is hit by Dillon Dube and loses puck.
17:09 of 2nd period - Minor Penalty to Dillon Dube for Hooking.
17:10 of 2nd period - Ryan Hartman wins face-off versus Christoph Bertschy in Icehogs zone.
17:23 of 2nd period - Petter Granberg is hit by Tomas Jurco and loses puck.
17:34 of 2nd period - Snap shot by Zemgus Girgensons.
17:34 of 2nd period - Shot Misses the Net.
19:09 of 2nd period - Penalty to Dillon Dube is over, Dillon Dube is back on ice.
19:51 of 2nd period - Wrist shot by Curtis Lazar.
19:51 of 2nd period - Shot Misses the Net.
Goals for this period are 0 for Icehogs vs 2 for Senators.
Shots for this period are 6 for Icehogs vs 6 for Senators.
3rd period
0:01 of 3rd period - Ryan Hartman wins face-off versus Christoph Bertschy in neutral zone.
0:12 of 3rd period - Wrist shot by Zachary Sanford.
0:12 of 3rd period - Deflect By Tomas Jurco.
0:12 of 3rd period - Stopped by Joe Cannata with a rebound.
0:14 of 3rd period - Snap shot by Tomas Jurco.
0:14 of 3rd period - Stopped by Joe Cannata without a rebound.
0:15 of 3rd period - Christoph Bertschy wins face-off versus Tanner Richard in Icehogs zone.
0:20 of 3rd period - Slapshot by Christoph Bertschy.
0:20 of 3rd period - Stopped by Joe Cannata without a rebound.
0:21 of 3rd period - Christoph Bertschy wins face-off versus Tanner Richard in Icehogs zone.
0:28 of 3rd period - Snap shot by Christoph Bertschy.
0:28 of 3rd period - Shot Misses the Net.
0:30 of 3rd period - Wrist shot by Tomas Jurco.
0:30 of 3rd period - Stopped by Joe Cannata without a rebound.
0:31 of 3rd period - Christoph Bertschy wins face-off versus Ryan Hartman in Icehogs zone.
0:38 of 3rd period - Slapshot by Zachary Sanford.
0:38 of 3rd period - Goal by Zachary Sanford - Icehogs : 2 - Senators : 4.
0:39 of 3rd period - Ryan Hartman wins face-off versus Christoph Bertschy in neutral zone.
0:39 of 3rd period - Craig Cunningham is hit by Tomas Jurco and loses puck.
0:50 of 3rd period - Scott Harrington is hit by Petter Granberg and loses puck.
1:14 of 3rd period - Snap shot by Tanner Richard.
1:14 of 3rd period - Shot Blocked by Oliver Bjorkstrand.
2:01 of 3rd period - Icing by Nick Mattson.
2:02 of 3rd period - Jordan Schroeder wins face-off versus Ryan Hartman in Icehogs zone.
2:37 of 3rd period - Wrist shot by Curtis Lazar.
2:37 of 3rd period - Shot Misses the Net.
3:24 of 3rd period - Icing by Mike Reilly.
3:25 of 3rd period - Clark Bishop wins face-off versus Chandler Stephenson in Icehogs zone.
3:30 of 3rd period - Wrist shot by Tanner Richard.
3:30 of 3rd period - Stopped by Sami Aittokallio with a rebound.
3:52 of 3rd period - Snap shot by Mikhail Grigorenko.
3:52 of 3rd period - Shot Hit the Post.
3:54 of 3rd period - Snap shot by Nikita Scherbak.
3:54 of 3rd period - Shot Blocked by Keegan Lowe.
3:56 of 3rd period - Snap shot by Nikita Scherbak.
3:56 of 3rd period - Deflect By Dmitry Sinitsyn.
3:56 of 3rd period - Shot Blocked by Zemgus Girgensons.
3:56 of 3rd period - Puck is out of play.
3:57 of 3rd period - Dillon Dube wins face-off versus Tomas Jurco in Senators zone.
4:10 of 3rd period - Wrist shot by Zachary Sanford.
4:10 of 3rd period - Shot Blocked by Petter Granberg.
4:51 of 3rd period - Snap shot by Tanner Richard.
4:51 of 3rd period - Shot Misses the Net.
4:53 of 3rd period - Slapshot by Patrick Sieloff.
4:53 of 3rd period - Deflect By Tanner Richard.
4:53 of 3rd period - Stopped by Sami Aittokallio with a rebound.
5:10 of 3rd period - Off-side.
5:11 of 3rd period - Christoph Bertschy wins face-off versus Ryan Hartman in neutral zone.
5:11 of 3rd period - Christoph Bertschy is hit by Craig Cunningham.
5:26 of 3rd period - Minor Penalty to Ryan Hartman for Hooking.
5:27 of 3rd period - Tomas Jurco wins face-off versus Mattias Janmark in Icehogs zone.
5:32 of 3rd period - Snap shot by Christoph Bertschy.
5:32 of 3rd period - Stopped by Joe Cannata with a rebound.
5:40 of 3rd period - Wrist shot by Tomas Jurco.
5:40 of 3rd period - Shot Blocked by Petter Granberg.
5:42 of 3rd period - Slapshot by Dmitry Sinitsyn.
5:42 of 3rd period - Deflect By Zachary Sanford.
5:42 of 3rd period - Stopped by Joe Cannata with a rebound.
7:26 of 3rd period - Penalty to Ryan Hartman is over, Ryan Hartman is back on ice.
7:28 of 3rd period - Mattias Janmark is hit by Keegan Lowe and loses puck.
7:36 of 3rd period - Off-side.
7:37 of 3rd period - Nikita Scherbak wins face-off versus Kevin Rooney in neutral zone.
7:46 of 3rd period - Slapshot by Duncan Siemens.
7:46 of 3rd period - Goal by Duncan Siemens - Icehogs : 3 - Senators : 4.
7:47 of 3rd period - Ryan Hartman wins face-off versus Christoph Bertschy in neutral zone.
7:52 of 3rd period - Slapshot by Ryan Hartman.
7:52 of 3rd period - Shot Blocked by Zachary Sanford.
7:54 of 3rd period - Snap shot by Craig Cunningham.
7:54 of 3rd period - Stopped by Sami Aittokallio with a rebound.
7:56 of 3rd period - Slapshot by Nick Mattson.
7:56 of 3rd period - Stopped by Sami Aittokallio with a rebound.
8:02 of 3rd period - Slapshot by Ryan Hartman.
8:02 of 3rd period - Shot Misses the Net.
8:08 of 3rd period - Minor Penalty to Zachary Sanford for Diving.
8:09 of 3rd period - Christoph Bertschy wins face-off versus Ryan Hartman in Senators zone.
10:08 of 3rd period - Penalty to Zachary Sanford is over, Zachary Sanford is back on ice.
10:24 of 3rd period - Slapshot by Zemgus Girgensons.
10:24 of 3rd period - Stopped by Joe Cannata without a rebound.
10:25 of 3rd period - Chandler Stephenson wins face-off versus Dillon Dube in Icehogs zone.
10:26 of 3rd period - Slapshot by Tomas Jurco.
10:26 of 3rd period - Shot Misses the Net.
10:38 of 3rd period - Snap shot by Mikhail Grigorenko.
10:38 of 3rd period - Stopped by Sami Aittokallio without a rebound.
10:39 of 3rd period - Christoph Bertschy wins face-off versus Ryan Hartman in Senators zone.
10:39 of 3rd period - Christoph Bertschy is hit by Ryan Hartman.
10:46 of 3rd period - Off-side.
10:47 of 3rd period - Christoph Bertschy wins face-off versus Ryan Hartman in neutral zone.
10:47 of 3rd period - Keegan Lowe is hit by Craig Cunningham and loses puck.
10:52 of 3rd period - Backhand shot by Christoph Bertschy.
10:52 of 3rd period - Shot Misses the Net.
10:54 of 3rd period - Snap shot by Christoph Bertschy.
10:54 of 3rd period - Shot Misses the Net.
10:56 of 3rd period - Slapshot by Keegan Lowe.
10:56 of 3rd period - Stopped by Joe Cannata without a rebound.
10:57 of 3rd period - Craig Cunningham wins face-off versus Christoph Bertschy in Icehogs zone.
10:59 of 3rd period - Minor Penalty to Ryan Hartman for Hooking.
11:00 of 3rd period - Mattias Janmark wins face-off versus Christoph Bertschy in Icehogs zone.
11:04 of 3rd period - Backhand shot by Petter Granberg.
11:04 of 3rd period - Shot Misses the Net.
11:26 of 3rd period - Craig Cunningham is hit by Keegan Lowe and loses puck.
12:59 of 3rd period - Penalty to Ryan Hartman is over, Ryan Hartman is back on ice.
13:52 of 3rd period - Dylan Blujus is hit by Petter Granberg and loses puck.
14:02 of 3rd period - Off-side.
14:03 of 3rd period - Christoph Bertschy wins face-off versus Clark Bishop in neutral zone.
14:10 of 3rd period - Snap shot by Ryan Hartman.
14:10 of 3rd period - Shot Blocked by Christoph Bertschy.
14:12 of 3rd period - Wrist shot by Ryan Hartman.
14:12 of 3rd period - Stopped by Sami Aittokallio with a rebound.
14:14 of 3rd period - Wrist shot by Ryan Hartman.
14:14 of 3rd period - Goal by Ryan Hartman - Icehogs : 4 - Senators : 4.
14:15 of 3rd period - Christoph Bertschy wins face-off versus Ryan Hartman in neutral zone.
14:28 of 3rd period - Snap shot by Sam Reinhart.
14:28 of 3rd period - Shot Blocked by Christoph Bertschy.
14:30 of 3rd period - Slapshot by Petter Granberg.
14:30 of 3rd period - Deflect By Ryan Hartman.
14:30 of 3rd period - Stopped by Sami Aittokallio with a rebound.
14:40 of 3rd period - Tanner Richard is hit by Scott Harrington and loses puck.
15:23 of 3rd period - Snap shot by Christoph Bertschy.
15:23 of 3rd period - Deflect By Ryan Hartman.
15:23 of 3rd period - Stopped by Joe Cannata with a rebound.
15:37 of 3rd period - Wrist shot by Zemgus Girgensons.
15:37 of 3rd period - Stopped by Joe Cannata without a rebound.
15:38 of 3rd period - Jordan Schroeder wins face-off versus Andrew Mangiapane in Icehogs zone.
16:04 of 3rd period - Christoph Bertschy is hit by Mikhail Grigorenko.
16:08 of 3rd period - Wrist shot by Mikhail Grigorenko.
16:08 of 3rd period - Stopped by Sami Aittokallio without a rebound.
16:09 of 3rd period - Christoph Bertschy wins face-off versus Dillon Dube in Senators zone.
16:09 of 3rd period - Christoph Bertschy is hit by Mikhail Grigorenko.
16:41 of 3rd period - A.J. Jenks is hit by Mike Reilly.
16:45 of 3rd period - Slapshot by Sam Reinhart.
16:45 of 3rd period - Stopped by Sami Aittokallio with a rebound.
17:15 of 3rd period - Snap shot by Zachary Sanford.
17:15 of 3rd period - Stopped by Joe Cannata with a rebound.
Goals for this period are 2 for Icehogs vs 1 for Senators.
Shots for this period are 11 for Icehogs vs 12 for Senators.
Overtime #1
0:01 of 1st overtime period - Ryan Hartman wins face-off versus Christoph Bertschy in neutral zone.
0:26 of 1st overtime period - Ryan Hartman is hit by Keegan Lowe and loses puck.
0:31 of 1st overtime period - Wrist shot by Jordan Schroeder.
0:31 of 1st overtime period - Shot Misses the Net.
0:51 of 1st overtime period - Christoph Bertschy is hit by Mikhail Grigorenko and loses puck.
0:58 of 1st overtime period - Slapshot by Mikhail Grigorenko.
0:58 of 1st overtime period - Shot Blocked by Dylan Blujus.
1:00 of 1st overtime period - Snap shot by Mike Reilly.
1:00 of 1st overtime period - Stopped by Sami Aittokallio with a rebound.
1:12 of 1st overtime period - Slapshot by Scott Harrington.
1:12 of 1st overtime period - Stopped by Joe Cannata without a rebound.
1:13 of 1st overtime period - Jordan Schroeder wins face-off versus Ryan Hartman in Icehogs zone.
1:55 of 1st overtime period - Wrist shot by Jordan Schroeder.
1:55 of 1st overtime period - Deflect By Mike Reilly.
1:55 of 1st overtime period - Stopped by Joe Cannata with a rebound.
1:57 of 1st overtime period - Slapshot by Scott Harrington.
1:57 of 1st overtime period - Stopped by Joe Cannata without a rebound.
1:58 of 1st overtime period - Ryan Hartman wins face-off versus Christoph Bertschy in Icehogs zone.
2:13 of 1st overtime period - Petter Granberg is hit by Zachary Sanford.
2:33 of 1st overtime period - Slapshot by Andrew Mangiapane.
2:33 of 1st overtime period - Stopped by Sami Aittokallio with a rebound.
3:57 of 1st overtime period - Dmitry Sinitsyn is hit by Mattias Janmark and loses puck.
4:36 of 1st overtime period - Dmitry Sinitsyn is hit by Mike Reilly and loses puck.
4:47 of 1st overtime period - Patrick Sieloff is hit by Zemgus Girgensons and loses puck.
Goals for this period are 0 for Icehogs vs 0 for Senators.
Shots for this period are 2 for Icehogs vs 3 for Senators.
ShootOut
5:00 of 1st overtime period - Round #1.
5:00 of 1st overtime period - Icehogs, Ryan Hartman.
5:00 of 1st overtime period - Snap shot by Ryan Hartman.
5:00 of 1st overtime period - Goal by Ryan Hartman.
5:00 of 1st overtime period - Senators, Tomas Jurco.
5:00 of 1st overtime period - Backhand shot by Tomas Jurco.
5:00 of 1st overtime period - Stopped by Joe Cannata.
5:00 of 1st overtime period - Round #2.
5:00 of 1st overtime period - Icehogs, Craig Cunningham.
5:00 of 1st overtime period - Snap shot by Craig Cunningham.
5:00 of 1st overtime period - Stopped by Sami Aittokallio.
5:00 of 1st overtime period - Senators, Oliver Bjorkstrand.
5:00 of 1st overtime period - Wrist shot by Oliver Bjorkstrand.
5:00 of 1st overtime period - Shot Misses the Net.
5:00 of 1st overtime period - Round #3.
5:00 of 1st overtime period - Icehogs, Tanner Richard.
5:00 of 1st overtime period - Wrist shot by Tanner Richard.
5:00 of 1st overtime period - Goal by Tanner Richard.